 Dungeon Crawl Stone Soup version 0.29-a0-878-g7b45a56547 (webtiles) character file.

Game seed: 10464307656892638749

2293 concernfroge the Fighter (level 9, -1/82 HPs)
             Began as a Mummy Monk on July 19, 2022.
             Was a Believer of Ashenzari.
             Killed from afar by a steam dragon (8 damage)
             ... with a ball of steam
             ... on level 7 of the Dungeon.
             The game lasted 00:32:48 (7567 turns).

concernfroge the Fighter (Mummy Monk)               Turns: 7567, Time: 00:32:49

Health: -1/82      AC: 12    Str: 18    XL:     9   Next: 17%
Magic:  0/9        EV:  8    Int: 10    God:    Ashenzari [**....]
Gold:   325        SH:  0    Dex: 14    Spells: 8/8 levels left

rFire   x . .      SeeInvis +   b - +0 falchion "Tethered Together" {freeze, Fort, Self} (curse)
rCold   + . .      Faith    .   (no shield)
rNeg    + + +      Spirit   +   a - +2 chain mail of Toth-Mos's Legacy {Cun, Comp} (curse)
rPois   ∞          Reflect  .   f - +0 helmet
rElec   .          Harm     .   (no cloak)
rCorr   .          Rampage  .   l - +0 pair of gloves "Seer of Ashenzari" {Self, Evo} (curse)
Will    +....                   (no boots)
Stlth   ..........              c - amulet of guardian spirit
HPRegen 0.23/turn               (no ring)
MPRegen 0.11/turn               (no ring)

@: no status effects
A: cold resistance 1, negative energy resistance 3, torment resistance 2, heat
vulnerability 1, in touch with death 1, no potions
a: Renounce Religion, Shatter the Chains


You were on level 7 of the Dungeon.
You worshipped Ashenzari.
Ashenzari was pleased with you.
You visited 2 branches of the dungeon, and saw 9 of its levels.

You collected 425 gold pieces.
You spent 100 gold pieces at shops.

Inventory:

Hand Weapons
 b - the cursed +0 falchion "Tethered Together" (weapon) {freeze, Fort, Self}
   (You found it on level 2 of the Dungeon)

   It freezes those it strikes, dealing additional cold damage.
   It can also slow down cold-blooded creatures.
   It has a curse which improves the following skills: Fortitude: Armour and
   Shields.
   Introspection: Fighting and Spellcasting.
 d - a +0 vampiric long sword
 r - a +0 trident of flaming
Armour
 a - the cursed +2 chain mail of Toth-Mos's Legacy (worn) {Cun, Comp}
   (You took it off an orc on level 6 of the Dungeon)

   It has a curse which improves the following skills: Cunning: Dodging and
   Stealth.
   Companions: Summonings and Necromancy.
 f - a +0 helmet (worn)
 l - the cursed +0 pair of gloves "Seer of Ashenzari" (worn) {Self, Evo}
   (You found it on level 3 of the Dungeon)

   It has a curse which improves the following skills: Introspection: Fighting
   and Spellcasting.
   Evocations: Evocations.
Jewellery
 c - an amulet of guardian spirit (around neck)
Wands
 h - a wand of mindburst (1) (quivered)
Scrolls
 g - a scroll of noise
 i - a scroll of teleportation
 j - 4 scrolls of immolation
 k - a scroll of vulnerability
 m - a scroll of poison
 n - a scroll of enchant weapon
 o - a scroll of fog
 q - 3 scrolls of amnesia


   Skills:
 - Level 10.1(12.0) Fighting
 - Level 0.2 Long Blades
 + Level 6.8 Polearms
 - Level 2.4(3.4) Dodging
 - Level 1.5(2.4) Stealth


You had 8 spell levels left.
You didn't know any spells.
Your spell library contained the following spells:

 Spells                   Type           Power      Damage    Failure   Level
 Ensorcelled Hibernation  Hex/Ice        0%         N/A       100%        2
 Passwall                 Tmut/Erth      0%         N/A       100%        2
 Portal Projectile        Hex/Tloc       0%         N/A       100%        3
 Swiftness                Air            0%         N/A       100%        3
 Tukima's Dance           Hex            0%         N/A       100%        3
 Passage of Golubria      Tloc           0%         N/A       100%        4
 Silence                  Hex/Air        0%         N/A       100%        5
 Lehudib's Crystal Spear  Conj/Erth      0%         10d2      100%        8
 Blade Hands              Tmut           Unusable   N/A       N/A         5

Dungeon Overview and Level Annotations

Branches:
Dungeon (8/15)             Temple (1/1) D:7
   Lair: D:8-11

Altars:
Ashenzari
Cheibriados
Dithmenos
Fedhas
Gozag
Hepliaklqana
Kikubaaqudgha
Makhleb
Nemelex Xobeh
Okawaru
Ru
Sif Muna
Trog
Uskayaw
Vehumet
Wu Jian
Yredelemnul

Shops:
D:3 :   D:5 *   D:7 [

Annotations:
D:7 2 transporters, gdog's ghost, weakling GnDe
D:8 2 transporters, 3 runed translucent doors, Cecillian's ghost, novice FoHu


Innate Abilities, Weirdness & Mutations

You are immune to poison.
Your flesh is cold resistant. (rC+)
You are immune to negative energy. (rN+++)
You are immune to unholy pain and torment.
You are vulnerable to heat. (rF-)
You are in touch with the powers of death.
You do not drink.


Message History

The steam dragon claws you but does no damage.
You barely miss the steam dragon.
The steam dragon is moderately wounded.
You are engulfed in a cloud of scalding steam.
The steam dragon bites you but does no damage.
The steam dragon claws you but does no damage.
You hit the steam dragon but do no damage.
The steam dragon is moderately wounded.
The steam dragon breathes steam at you. The ball of steam hits you!
The steam scalds you terribly! The steam dragon bites you.
The steam dragon claws you.
You hit the steam dragon but do no damage.
The steam dragon is moderately wounded.
You are engulfed in a cloud of scalding steam.
The steam dragon bites you but does no damage.
The steam dragon claws you but does no damage.
You hit the steam dragon. You freeze the steam dragon.
Your punch misses the steam dragon.
The steam dragon is heavily wounded.
You are engulfed in a cloud of scalding steam.
The steam dragon barely misses you.
The steam dragon claws you but does no damage.
You closely miss the steam dragon.
The steam dragon is heavily wounded.
You are engulfed in a cloud of scalding steam.
The steam dragon breathes steam at you. The ball of steam hits you!!
The steam scalds you terribly!
* * * LOW HITPOINT WARNING * * *
The steam dragon bites you but does no damage.
The steam dragon claws you.
* * * LOW HITPOINT WARNING * * *
The air fills with toxic fumes!
As you read the scroll of poison, it crumbles to dust.
The steam dragon bites you but does no damage.
The steam dragon closely misses you.
Things that are here:
a +0 club; a potion of cancellation; an orc corpse The steam dragon breathes steam at you.
The ball of steam hits you! The steam scalds you terribly!
You die...

# #...........∩##.....# #
#...............###'### #
#............##.#.....# #
##.......§§§.###.#.⌠.⌠.###
## #####..#...##.§§##
#.+..>..'.###.
......#########§##
###.⌠.⌠.#.##.. ..#####
#§§# #.....#....# .##
##§## ###'###>..## .# #@.#
##...##### .# ##§# #..###
.# #D#####.## .# #.§.#...#
<# ##### ###§..### ######
.# ##...## #.§§.# #.....
.# ##.....## #.##§# #.###.
.# #.......# #.##§# #.# ##
.# #.......# ##.##.### #.#
#


You could see a steam dragon (catching breath).

Vanquished Creatures
  2 water moccasins
  A swamp drake (D:6)
  A sky beast (D:7)
  2 ice beasts
  3 ogres
  2 black bears
  2 centaurs
  2 phantoms
  3 bullfrogs (D:8)
  A kobold brigand (D:8)
  2 scorpions
  2 howler monkeys (D:8)
  4 hounds
  A jelly (D:6)
  3 orc priests
  Jessica (D:3)
  3 iguanas
  An orc wizard (D:6)
  3 adders
  A white imp (D:5)
  2 ufetubi
  A worm (D:3)
  2 dart slugs (D:1)
  35 orcs
  5 bats
  3 endoplasms (D:1)
  3 giant cockroaches
  4 goblins
  6 hobgoblins
  2 quokkas
  6 ball pythons
  2 frilled lizards
  8 kobolds
  4 rats
  A spectral orc (D:8)
124 creatures vanquished.

Vanquished Creatures (others)
  An orc (D:7)
1 creature vanquished.

Grand Total: 125 creatures vanquished

Notes
Turn   | Place    | Note
-------+----------+-------------------------------------------
     0 | D:1      | concernfroge the Mummy Monk began the quest for the Orb.
     0 | D:1      | Reached XP level 1. HP: 18/18 MP: 1/1
    86 | D:1      | Reached XP level 2. HP: 24/24 MP: 2/2
   555 | D:1      | Reached skill level 4 in Fighting
   718 | D:1      | Gained mutation: You are in touch with the powers of death.
                  | [Mummy growth]
   718 | D:1      | Reached XP level 3. HP: 28/30 MP: 3/3
  1795 | D:3      | Found Tade's Book Shoppe.
  1821 | D:3      | Identified the +1 robe of a bailey {Str+3}
  2015 | D:3      | Noticed Jessica
  2022 | D:3      | Killed Jessica
  2023 | D:3      | Reached skill level 5 in Fighting
  2023 | D:3      | Reached XP level 4. HP: 34/39 MP: 4/4
  2073 | D:3      | Found a broken altar of Ashenzari.
  2080 | D:3      | Found an ornate altar of the Wu Jian Council.
  2348 | D:3      | Became a worshipper of Ashenzari the Shackled
  2399 | D:4      | Reached * piety under Ashenzari
  3093 | D:5      | Entered Level 5 of the Dungeon
  3121 | D:5      | Reached XP level 5. HP: 48/48 MP: 5/5
  3143 | D:5      | Noticed a black bear
  3155 | D:5      | Killed a black bear
  3156 | D:5      | Reached skill level 6 in Fighting
  3161 | D:5      | Reached ** piety under Ashenzari
  3311 | D:5      | Found Gosmoec's Assorted Antiques.
  3314 | D:5      | Noticed an ice beast
  3332 | D:5      | Killed an ice beast
  3333 | D:5      | Reached skill level 7 in Fighting
  3333 | D:5      | Reached XP level 6. HP: 46/58 MP: 6/6
  3399 | D:5      | Bought a scroll labelled YTARUU USME for 28 gold pieces
  3968 | D:5      | Reached skill level 8 in Fighting
  3968 | D:5      | Reached XP level 7. HP: 49/66 MP: 7/7
  4547 | D:6      | Reached skill level 9 in Fighting
  4635 | D:6      | Noticed a steam dragon
  4637 | D:6      | a steam dragon changed into a swamp drake
  4851 | D:6      | Reached XP level 8. HP: 76/76 MP: 8/8
  4858 | D:6      | Reached skill level 10 in Fighting
  6104 | D:7      | Reached skill level 5 in Polearms
  6109 | D:7      | Found a transporter.
  6114 | D:7      | Noticed gdog's ghost (weakling GnDe)
  6126 | D:7      | Found a transporter.
  6254 | D:7      | Found Irham's Armour Shoppe.
  6268 | D:7      | Bought a +0 helmet for 72 gold pieces
  6416 | D:7      | Found a staircase to the Ecumenical Temple.
  6425 | Temple   | Entered the Ecumenical Temple
  6425 | Temple   | Found a transporter.
  6425 | Temple   | Found a transporter.
  6427 | Temple   | Found a transporter.
  6427 | Temple   | Found a transporter.
  6742 | D:8      | Reached XP level 9. HP: 68/81 MP: 7/9
  6761 | D:8      | Found a basalt altar of Yredelemnul.
  6919 | D:8      | Noticed Cecillian's ghost (novice FoHu)
  6921 | D:8      | Noticed a two-headed ogre
  6924 | D:8      | Found a transporter.
  6929 | D:8      | Found a runed translucent gate.
  6929 | D:8      | Found a runed translucent gate.
  6930 | D:8      | Found a runed translucent gate.
  7289 | D:8      | Found a transporter.
  7567 | D:7      | Killed from afar by a steam dragon

Illustrated notes

Levels and vault maps discovered:
D:1:      saegor_arrival_simple_b, layout_loops_ring, minmay_pentomino_u4
D:2:      layout_rooms
D:3:      layout_loops_ring, amethyst_overflow_temple_binary, serial_shops,
          nicolae_diamond_shop, minmay_misc_feat_encased, uniq_jessica
D:4:      layout_rooms
D:5:      layout_loops_ring, serial_shops, shop
D:6:      layout_basic, grunt_decor_arrowhead
D:7:      layout_rooms, minmay_temple_entry_hall, gammafunk_ghost_stat_death,
          serial_shops, shop, minivault_14
D:8:      gammafunk_cloud_chamber, layout_gridville,
          yredelemnul_forgotten_temple_becter, gammafunk_ghost_split,
          minmay_microvault
Temple:   hellmonk_temple_divided_pantheon

Skill      XL: |  1  2  3  4  5  6  7  8 |
---------------+-------------------------+-----
Fighting       | 4 5 7 8 9 10 | 10.1
Polearms       | 6 |  6.8
Long Blades    | |  0.2
Dodging        | |  2.4
Stealth        | |  1.5

Action                   |  1- 3 |  4- 6 |  7- 9 || total
-------------------------+-------+-------+-------++-------
Melee: Spear             |    93 |       |       ||    93
       Falchion          |    53 |   155 |   222 ||   430
       Punch             |       |     1 |     3 ||     4
Invok: Curse Item        |       |     3 |     1 ||     4
       Shatter the Chain |       |       |     1 ||     1
Evoke: Wand              |       |     6 |    24 ||    30
  Use: Scroll            |     6 |     3 |    10 ||    19
 Stab: Invisible         |       |     7 |     3 ||    10
       Sleeping          |       |       |     1 ||     1
Armor: Robe              |    10 |       |       ||    10
       Ring mail         |    37 |    74 |    40 ||   151
       Chain mail        |       |       |    87 ||    87
Dodge: Dodged            |    87 |   133 |   112 ||   332

Table legend: (Time is in decaauts)
 A = Elapsed time spent in this place.
 B = Non-inter-level travel time spent in this place.
 C = Inter-level travel time spent in this place.
 D = Time resting spent in this place.
 E = Time spent auto-exploring this place.
 F = Levels seen in this place.
 G = Mean time per level.
                   A        B        C        D        E       F      G
               +--------+--------+--------+--------+--------+-----+--------+
         Total |   7693 |   7212 |    481 |   1020 |   4946 |   9 |  854.8 |
       Dungeon |   7659 |   7195 |    464 |   1020 |   4940 |   8 |  957.4 |
        Temple |     33 |     16 |     17 |      0 |      6 |   1 |   33.0 |
               +--------+--------+--------+--------+--------+-----+--------+

Top non-repeatable levels by time:
     D:6: 1488 daAuts
     D:5: 1227 daAuts
     D:4: 970 daAuts
     D:3: 953 daAuts
     D:1: 929 daAuts
     D:7: 836 daAuts
     D:8: 737 daAuts
     D:2: 515 daAuts
  Temple: 33 daAuts
